 Dungeon Sprint DCSS version 0.20.1-1-g8b1a95d (webtiles) character file.

728 equalderp2856 the Blocker (level 7, 0/73 HPs)
             Began as a Minotaur Fighter on Oct 11, 2017.
             Was an Initiate of Gozag.
             Slain by a sixfirhy (10 damage)
             ... summoned by a kobold demonologist
             ... in the Dungeon (Sprint I: "Red Sonja").
             The game lasted 00:01:18 (392 turns).

equalderp2856 the Blocker (Minotaur Fighter)         Turns: 392, Time: 00:01:20

Health: 0/73       AC:  8    Str: 20    XL:     7   Next: 44%
Magic:  6/6        EV: 10    Int:  5    God:    Gozag
Gold:   417        SH: 12    Dex: 12    Spells: 6/6 levels left

rFire    . . .     SeeInvis .   a - +0 war axe
rCold    . . .     Gourm    .   c - +0 shield
rNeg     . . .     Faith    .   b - +0 scale mail
rPois    .         Spirit   .   (helmet restricted)
rElec    .         Reflect  .   (no cloak)
rCorr    .         Harm     .   (no gloves)
MR       .....     NoTele   +   (no boots)
Stlth    ..........             (no amulet)
Regen    0.3/turn               (no ring)
MPRegen  0.1/turn               (no ring)

@: no status effects
A: retaliatory headbutt, horns 2
a: Potion Petition, Call Merchant, Bribe Branch, Renounce Religion


You were in the Dungeon.
You worshipped Gozag.
Gozag was aware of your devotion.
You were not hungry.

You visited 1 branch You collected 417 gold pieces.

Inventory:

Hand Weapons
 a - a +0 war axe (weapon)
Armour
 b - a +0 scale mail (worn)
 c - a +0 shield (worn)
Scrolls
 k - a scroll of blinking
Potions
 d - a potion of might
 e - a potion of curing
 g - a potion of heal wounds
 h - a potion of haste
 i - 2 potions of magic
 j - a potion of berserk rage
Comestibles
 f - a bread ration


   Skills:
 + Level 10.3 Fighting
 + Level 9.6 Axes
 + Level 10.0 Armour
 + Level 3.1 Dodging
 + Level 10.5 Shields


You had 6 spell levels left.
You didn't know any spells.

Dungeon Overview and Level Annotations

Branches:
Dungeon (1/1)

Altars:
Cheibriados
Dithmenos
Elyvilon
Fedhas
Gozag
Hepliaklqana
Kikubaaqudgha
Makhleb
Nemelex Xobeh
Okawaru
Qazlal
Ru
Sif Muna
Trog
Uskayaw
Vehumet
Xom
Yredelemnul
Zin
The Shining One
Jiyva
Lugonu

Shops:
D (


Innate Abilities, Weirdness & Mutations

You reflexively headbutt those who attack you in melee.
You have a pair of horns on your head.


Message History

Something unseen opens the door.
Unknown command.
There is an open door here.
You block the sixfirhy's attack. The sixfirhy hits you.
The sixfirhy shocks you! The sixfirhy barely misses you.
There's a creature in the doorway!
You slash the sixfirhy! Your headbutt misses the sixfirhy.
The sixfirhy is lightly wounded.
The sixfirhy closely misses you.
You miss the sixfirhy. Your headbutt misses the sixfirhy.
The sixfirhy is lightly wounded.
You closely miss the sixfirhy.
The sixfirhy hits you but does no damage.
The sixfirhy hits you! The sixfirhy shocks you!
* * * LOW HITPOINT WARNING * * *
The sixfirhy hits you!
* * * LOW HITPOINT WARNING * * *
The sixfirhy shocks you!
You die...
Your body crumbles into a pile of gold.

##########################
#<.#..').#..'..#__#.5'K..#
#..'[.#..').#..'..3K.#.K.#
#..#####'#####'#__#### ..+
#..####..#...#3#### ##
#..#__####.@##.# $$
#..#_____##3#..+
#⌠⌠#_.∩...†..._# $$
####_..__##_.#+#
$$#_____###+#$ $ ####### $
$ $ $ $$ $$ $ $ $


You could see a sixfirhy.

Vanquished Creatures
  A slime creature (D)
  Sigmund (D)
  A yak (D)
  A floating eye (D)
  An ogre (D)
  A jelly (D)
  Ijyb (D)
7 creatures vanquished.

Notes
Turn   | Place    | Note
-------+----------+-------------------------------------------
     0 | D        | equalderp2856 the Minotaur Fighter began the quest for the Orb.
     0 | D        | Reached XP level 1. HP: 19/19 MP: 0/0
     2 | D        | Noticed Ijyb
    19 | D        | Killed Ijyb
    19 | D        | Reached skill level 5 in Fighting
    19 | D        | Reached skill level 5 in Shields
    19 | D        | Reached XP level 2. HP: 22/29 MP: 1/1
    96 | D        | Noticed an ogre
   103 | D        | Killed an ogre
   103 | D        | Reached skill level 5 in Axes
   103 | D        | Reached skill level 1 in Dodging
   103 | D        | Reached XP level 3. HP: 38/38 MP: 2/2
   103 | D        | Reached XP level 4. HP: 45/45 MP: 3/3
   179 | D        | Noticed Sigmund
   183 | D        | Killed Sigmund
   183 | D        | Reached XP level 5. HP: 52/56 MP: 4/4
   183 | D        | Reached XP level 6. HP: 58/62 MP: 5/5
   214 | D        | Found a deep blue altar of Sif Muna.
   216 | D        | Found a radiant altar of Vehumet.
   229 | D        | Found a burning altar of Makhleb.
   229 | D        | Found a viscous altar of Jiyva.
   229 | D        | Found a shimmering altar of Xom.
   229 | D        | Found a corrupted altar of Lugonu.
   229 | D        | Noticed a slime creature
   235 | D        | Killed a slime creature
   301 | D        | Found Ethraj's Antique Weapon Emporium.
   301 | D        | Found an ancient bone altar of Kikubaaqudgha.
   301 | D        | Found a hazy altar of Hepliaklqana.
   301 | D        | Found a stormy altar of Qazlal.
   301 | D        | Found a hide-covered altar of Uskayaw.
   301 | D        | Found a blossoming altar of Fedhas.
   301 | D        | Found a bloodstained altar of Trog.
   301 | D        | Found an iron altar of Okawaru.
   301 | D        | Found a basalt altar of Yredelemnul.
   301 | D        | Found a glowing golden altar of the Shining One.
   301 | D        | Found a snail-covered altar of Cheibriados.
   301 | D        | Found a sacrificial altar of Ru.
   301 | D        | Found a glowing silver altar of Zin.
   301 | D        | Found a shadowy altar of Dithmenos.
   301 | D        | Found a white marble altar of Elyvilon.
   301 | D        | Noticed a yak
   311 | D        | Killed a yak
   311 | D        | Reached skill level 10 in Fighting
   311 | D        | Reached skill level 10 in Shields
   311 | D        | Reached XP level 7. HP: 67/72 MP: 6/6
   312 | D        | Found an opulent altar of Gozag.
   313 | D        | Found a sparkling altar of Nemelex Xobeh.
   322 | D        | Became a worshipper of Gozag Ym Sagoz the Greedy
   369 | D        | Noticed a kobold demonologist
   370 | D        | Noticed a kobold demonologist
   377 | D        | Noticed a sixfirhy
   377 | D        | Reached skill level 10 in Armour
   392 | D        | Slain by a sixfirhy

Skill      XL: |  1  2  3  4  5  6  7 |
---------------+----------------------+-----
Fighting       | 5 6 8 10 | 10.3
Axes           | 3 5 7 9 |  9.6
Armour         | 4 6 8 9 10 | 10.0
Shields        | 5 6 8 10 | 10.5
Dodging        | 1 2 3 |  3.1

Action                   |  1- 3 |  4- 6 |  7- 9 || total
-------------------------+-------+-------+-------++-------
Melee: War axe           |    23 |    19 |     6 ||    48
       Headbutt          |     3 |     5 |     1 ||     9
Armor: Scale mail        |    11 |     2 |     2 ||    15
Dodge: Dodged            |     8 |     4 |     4 ||    16
Block: Shield            |     6 |     9 |     1 ||    16
